Map: Catalyst LE

Players

BobbyAwesome - Winner!

  • Race: Protoss Protoss
  • League: Diamond
  • Spawn Location: 11:00

llllllllllll

  • Race: Terran Terran
  • League: Diamond
  • Spawn Location: 5:00

VOD

Have the link to the VOD?

Description

Time

  • Played on: May 18, 2018, 2:50 a.m.
  • Length: 9:44
Show
View Real Time Build Order
Export as new Build Order

BobbyAwesome Protoss - Winner!

Build Orders:  

Get SALT Encoding   

  12  0:01  Probe  
  13  0:15  Pylon  
  13  0:20  Assimilator  
  13  0:33  Probe  
  13  0:34  Gateway  
  13  0:41  Probe  
  15  0:51  Probe  
  16  1:02  Gateway  
  16  1:03  Probe  
  17  1:15  Probe  
  18  1:21  Cybernetics Core  
  18  1:25  Zealot  
  18  1:28  Probe  
  21  1:35  Pylon  
  21  1:46  Probe  
  22  1:48  Stalker  
  22  1:50  Stalker  
  26  2:02  Warp Gate  
  26  2:07  Assimilator  
  26  2:08  Probe  
  27  2:18  Zealot  
  27  2:19  Zealot  
  31  2:42  Twilight Council  
  31  3:05  Pylon  
  31  3:13  Gateway  
  31  3:23  Zealot x2, Probe  
  36  3:37  Charge  
  32  4:07  Zealot x2  
  34  4:31  Pylon  
  34  4:33  Gateway  
  34  4:34  Gateway  
  30  4:49  Pylon  
  30  4:50  Sentry  
  30  5:09  Shield Battery  
  30  5:11  Sentry x2  
  34  5:15  Robotics Facility  
  30  5:24  Sentry  
  30  5:28  Shield Battery  
  26  5:39  Zealot x4  
  32  5:43  Pylon  
  32  5:49  Sentry  
  24  6:03  Sentry x2  
  28  6:04  Sentry  
  28  6:05  Zealot  
  32  6:15  Zealot  
  34  6:30  Sentry x2  
  34  6:31  Zealot  
  40  6:37  Zealot  
  42  6:44  Zealot  
  44  6:53  Observer  
  45  7:05  Warp Prism  
  45  7:15  Stalker  
  49  7:20  Sentry  
  51  7:34  Sentry x2  
  55  7:40  Pylon  
  55  8:00  Observer  
  53  8:11  Stalker x3  
  55  8:45  Zealot x4  
  63  9:07  Zealot  
  51  9:18  Zealot x4  
Show
View Real Time Build Order
Export as new Build Order

llllllllllll Terran 

Build Orders:  

Get SALT Encoding   

  12  0:00  SCV  
  13  0:12  SCV  
  14  0:16  Refinery  
  14  0:25  SCV  
  15  0:31  Supply Depot  
  15  0:52  SCV  
  15  0:54  Barracks  
  16  1:04  SCV  
  16  1:09  Supply Depot  
  17  1:16  SCV  
  18  1:28  SCV  
  19  1:40  SCV  
  19  1:42  Marine  
  19  1:43  Factory  
  21  1:49  Refinery  
  21  1:55  Supply Depot  
  21  2:00  Marine  
  23  2:15  SCV  
  23  2:18  Marine  
  24  2:26  Factory Reactor  
  24  2:27  SCV  
  25  2:34  Supply Depot  
  25  2:36  Marine  
  26  2:39  SCV  
  26  2:53  Marine  
  26  2:58  SCV  
  26  3:03  Cyclone, Supply Depot  
  28  3:06  Cyclone  
  28  3:11  Marine  
  32  3:15  SCV  
  32  3:29  Marine  
  30  3:38  Cyclone  
  31  3:45  SCV  
  33  3:57  Cyclone  
  35  4:06  SCV  
  36  4:10  Cyclone  
  39  4:34  Cyclone  
  39  4:40  Supply Depot  
  39  4:47  Orbital Command  
  39  5:02  Cyclone  
  39  5:06  Cyclone  
  45  5:13  SCV  
  40  5:34  Cyclone  
  39  5:38  Cyclone  
  36  6:00  SCV  
  34  6:06  Cyclone  
  34  6:07  Barracks  
  34  6:10  Cyclone  
  40  6:12  SCV, Command Center  
  41  6:24  SCV  
  42  6:28  Starport  
  42  6:36  Supply Depot  
  42  6:37  SCV  
  43  6:49  SCV  
  44  7:01  SCV  
  44  7:07  Starport Reactor  
  44  7:12  Barracks Reactor  
  44  7:13  SCV  
  45  7:19  Supply Depot  
  45  7:21  Supply Depot  
  45  7:24  Orbital Command  
  45  7:25  SCV  
  46  7:34  Barracks Tech Lab  
  46  7:37  SCV  
  47  7:49  SCV  
  47  7:51  SCV  
  49  7:52  Marine x2  
  49  7:53  Medivac x2  
  49  7:55  Marine  
  56  8:00  Refinery  
  56  8:01  SCV, Refinery  
  56  8:03  SCV  
  49  8:10  Marine  
  49  8:11  Factory Tech Lab  
  49  8:12  Marine  
  44  8:13  Marine, SCV  
  44  8:19  Supply Depot  
  43  8:28  Marine  
  43  8:30  Marine, Siege Tank  
  43  8:31  Marine  
  42  8:46  Marine  
  42  8:47  Barracks  
  42  8:48  Marine  
  42  8:49  Marine  
  42  8:53  SCV  
  45  9:02  Siege Tank  
  48  9:04  Marine  
  39  9:12  Marine  
  39  9:15  Marine  
  27  9:21  Marine  
Tags
 
Add a new tag
Caveats
  • Supply blocks, unpowered buildings, or Contaminate may cause inaccurate times.
  • Supply counts are checked every 10 seconds.